 Dungeon Crawl Stone Soup version 0.27.0-65-ge2af304b15 (webtiles) character file.

Game seed: 11173587008134191765

133 Froggeryz the Cutter (level 5, -2/54 HPs)
             Began as an Octopode Berserker on Aug 18, 2021.
             Was a Believer of Trog.
             Slain by a centaur (4 damage)
             ... on level 4 of the Dungeon.
             The game lasted 00:01:33 (3172 turns).

Froggeryz the Cutter (Octopode Berserker)           Turns: 3172, Time: 00:01:34

Health: -2/54      AC:  1    Str: 17    XL:     5   Next: 16%
Magic:  5/5        EV: 14    Int:  9    God:    Trog [**....]
Gold:   150        SH:  0    Dex: 12    Spells: 4/4 levels left

rFire    . . .     SeeInvis .   b - +1 dagger (venom)
rCold    . . .     Faith    .   (no shield)
rNeg     . . .     Spirit   .   (helmet restricted)
rPois    .         Reflect  .   (no amulet)
rElec    .         Harm     .   (no ring)
rCorr    .         Rampage  .   (no ring)
Will     .....                  (no ring)
Stlth    ..........             (no ring)
HPRegen  0.18/turn              (no ring)
MPRegen  0.09/turn              (no ring)
                                (no ring)
                                (no ring)

@: berserking, very quick
A: almost no armour, amphibious, 8 rings, camouflage 1, gelatinous body 1,
(nimble swimmer 1), tentacles
a: Renounce Religion, Berserk, Trog's Hand


You were on level 4 of the Dungeon.
You worshipped Trog.
Trog was pleased with you.
You visited 1 branch of the dungeon, and saw 4 of its levels.

You collected 150 gold pieces.

Inventory:

Hand Weapons
 b - a +1 dagger of venom (weapon)
Scrolls
 a - a scroll of amnesia {unknown}
 g - a scroll of magic mapping {unknown}
 j - a scroll of blinking {unknown}
Potions
 c - a potion of lignification {unknown}
 d - a potion of haste {unknown}
 f - 2 potions of heal wounds {unknown}
 h - 2 potions of might {unknown}
 i - a potion of flight {unknown}


   Skills:
 - Level 3.0 Fighting
 * Level 5.0 Short Blades
 + Level 4.0 Dodging


You had 4 spell levels left.
You didn't know any spells.
Your spell library was empty.

Dungeon Overview and Level Annotations

Branches:
Dungeon (4/15)
 Temple: D:4-7

Altars:
Fedhas
Okawaru
Sif Muna
Trog
Zin

Shops:
D:2 *


Innate Abilities, Weirdness & Mutations

You cannot wear most types of armour.
You are amphibious.
You can wear up to eight rings at the same time.
Your skin changes colour to match your surroundings (Stealth+).
Your rubbery body absorbs attacks. (AC +1, EV +1)
((You are camouflaged near water. (Stealth+)))
You have tentacles for arms and can constrict up to eight enemies at once.


Message History

Trog accepts your kill.
Your Short Blades skill increases to level 5!
Your Dodging skill increases to level 4!
You have reached level 5!
You feel stronger.
You now have 150 gold pieces (gained 13).
You open the door.
A centaur comes into view.
Found a smoky dark potion.
Found a stone staircase leading up.
A centaur is nearby!
The centaur wields a +0 shortbow.
The centaur shoots an arrow.
The arrow hits you!
There is an open door, spattered with blood here.
A centaur is nearby!
The centaur shoots an arrow.
The arrow closely misses you.
The centaur shoots an arrow.
The arrow barely misses you.
The centaur shoots an arrow.
The arrow hits you!
A centaur is nearby!
You are too injured to fight recklessly!
You are too injured to fight recklessly!
Okay, then.
It was a potion of curing.
You feel better.
The centaur shoots an arrow.
The arrow hits you!
* * * LOW HITPOINT WARNING * * *
The centaur shoots an arrow.
The arrow closely misses you.
Okay, then.
The centaur shoots an arrow.
The arrow hits you.
* * * LOW HITPOINT WARNING * * *
You feel better.
The centaur shoots an arrow.
The arrow misses you.
The centaur unwields a +0 shortbow.
The centaur barely misses you. The centaur kicks you.
* * * LOW HITPOINT WARNING * * *
A red film seems to cover your vision as you go berserk!
You feel yourself moving faster!
You feel mighty!
The centaur closely misses you. x2; The centaur hits you.
* * * LOW HITPOINT WARNING * * *
The centaur closely misses you.
You completely miss the centaur. You barely miss the centaur.
The centaur hits you.
You die...

.... #....# .....##....#
#..........#######
#................#
+................#
#....##....##....#
#....###'####....#
#...........#....#
#..c@.......#...)#...
#...........#(...#...
#........!...#....#...
.....#
#............#....#...
.....+
+.......<...##...##...
.....#
#...........##...##...
.....#
..#.....########........
.....#
...#.....##....##........
.....# ....
#....................


You could see a centaur.

Vanquished Creatures
  A hound (D:4)
  A bullfrog skeleton (D:4)
  2 adders
  An ufetubus (D:4)
  An adder skeleton (D:4)
  2 worms (D:2)
  A dart slug (D:1)
  3 ball pythons
  3 endoplasms
  A giant cockroach (D:1)
  7 goblins
  3 hobgoblins
  7 jackals
  2 kobolds
  A quokka (D:1)
  2 bats (D:2)
  A frilled lizard (D:1)
  A rat (D:3)
40 creatures vanquished.

Notes
Turn   | Place    | Note
-------+----------+-------------------------------------------
     0 | D:1      | Froggeryz the Octopode Berserker began the quest for the
                  | Orb.
     0 | D:1      | Reached XP level 1. HP: 16/16 MP: 1/1
   308 | D:1      | Reached XP level 2. HP: 21/21 MP: 2/2
   647 | D:1      | Found a faded altar of an unknown god.
  1100 | D:2      | Found Cisiast's General Store.
  1297 | D:2      | Reached XP level 3. HP: 26/26 MP: 3/3
  1667 | D:2      | Reached skill level 4 in Short Blades
  2163 | D:3      | Reached ** piety under Trog
  2580 | D:3      | Reached XP level 4. HP: 31/31 MP: 4/4
  2660 | D:3      | Found a blossoming altar of Fedhas.
  2664 | D:3      | Found a shimmering blue altar of Sif Muna.
  2665 | D:3      | Found a glowing silver altar of Zin.
  2665 | D:3      | Found a bloodstained altar of Trog.
  2665 | D:3      | Found an iron altar of Okawaru.
  3116 | D:4      | Reached skill level 5 in Short Blades
  3116 | D:4      | Reached XP level 5. HP: 31/36 MP: 5/5
  3162 | D:4      | Noticed a centaur
  3170 | D:4      | HP: 2/54 [centaur (6)]
  3172 | D:4      | Slain by a centaur

Illustrated notes

Levels and vault maps discovered:
D:1:      dpeg_arrival_rooms_b, layout_loops_ring,
          shapermc_ecumenical_altar_ellora, minmay_pentomino_u2
D:2:      layout_loops_corners, serial_shops, shop_statue
D:3:      layout_loops_ring, grunt_temple_overflow_open
D:4:      layout_gridville

Skill      XL: |  1  2  3  4 |
---------------+-------------+-----
Short Blades   | 4 5 |  5.0
Dodging        | 4 |  4.0
Fighting       | |  3.0

Action                   |  1- 3 |  4- 6 || total
-------------------------+-------+-------++-------
Melee: Short sword       |    15 |       ||    15
       Constrict         |    15 |    10 ||    25
       Tentacles         |     8 |     9 ||    17
       Dagger            |    40 |    26 ||    66
Invok: Berserk           |       |     1 ||     1
  Use: Scroll            |     1 |       ||     1
       Potion            |       |     2 ||     2
 Stab: Sleeping          |     7 |     1 ||     8
       Distracted        |       |     1 ||     1
Armor: Skin              |     1 |     1 ||     2
Dodge: Dodged            |    27 |    27 ||    54
